 Dungeon Crawl Stone Soup version 0.30-a0-883-g5ad918d77d (webtiles) character file.

Game seed: 15241909724394531885

2680090 MrSquiggles the Minotaur Barricade (level 26, 259/259 HPs)
             Began as a Minotaur Fighter on Mar 15, 2023.
             Was the Champion of Ru.
             Escaped with the Orb
             ... and 5 runes on Mar 16, 2023!
             The game lasted 04:59:20 (91276 turns).

MrSquiggles the Minotaur Barricade (MiFi)          Turns: 91276, Time: 04:59:21

Health: 259/259    AC: 51    Str: 28    XL:     26
Magic:  9/9        EV: 20    Int:  5    God:    Ru [******]
Gold:   4148       SH: 40    Dex: 14    Spells: 25/25 levels left

rFire   + + .      SeeInvis .    b - +5 demon trident (antimagic)
rCold   + + .      Faith    .    x - +8 tower shield {AC+3}
rNeg    + . .      Spirit   .    u - +13 plate armour of Pebloen {rElec rPois rF++ Dex-4}
rPois   +          Reflect  +    (helmet restricted)
rElec   +          Rampage  .    C - +2 cloak {rCorr}
rCorr   +                        m - +1 pair of gloves of Vlad {rC+++}
Will    +....                    f - +3 pair of mountain boots {steadfast, rC+} Stlth
                                 X - amulet of the Mutiny {Reflect rF+ Dex+3 SH+5}
HPRegen 0.63/turn                e - ring of the Octopus King {rN+ HP+2 AC+2 EV+2 SH+2}
MPRegen 0.11/turn                c - ring of willpower

@: studying 2 skills
A: horns 2, no stealth, no hexes magic, no poison magic, no translocations
magic, weak-willed 1, inexperienced 1, temperature sensitive, retaliatory
headbutt, no potion heal 2, cold vulnerability 1, inability to read after injury
1, noise suppression
0: Orb of Zot
}: 5/15 runes: serpentine, barnacled, slimy, silver, abyssal
a: Renounce Religion, Draw Out Power, Power Leap, Apocalypse


You escaped.
You worshipped Ru.
Ru was exalted by your worship.
You visited 12 branches of the dungeon, and saw 56 of its levels.
You visited the Abyss 1 time.
You visited 1 bazaar.
You also visited: Ossuary and Desolation.

You collected 9218 gold pieces.
You spent 5070 gold pieces at shops.

Inventory:

Hand Weapons
 a - a +8 vampiric trident
 b - a +5 antimagic demon trident (weapon)
 i - the +8 demon trident "Rift" {distort, reach+}
   (You found it on level 3 of the Elven Halls)
 l - the +8 demon blade "Leech" {evervamp, Harm Drain rN+}
   (You bought it in a shop on level 2 of the Orcish Mines)

   rN:        It protects you from negative energy.
   Drain:     It drains your maximum health when unequipped.
   Harm:      It increases damage dealt and taken.
 B - the +3 greatsling "Punk" {acid, rCorr}
   (You found it on level 3 of the Crypt)

   rCorr:     It protects you from acid and corrosion.
Missiles
 n - 10 silver boomerangs
 o - 31 boomerangs (quivered)
 w - 6 silver javelins
 K - 14 throwing nets
 S - 8 curare-tipped darts
 Z - 19 javelins
Armour
 f - the +3 pair of mountain boots (worn) {steadfast, rC+}
   (You bought it in a shop in a bazaar)

   Steadfast: It prevents involuntary movement, except for blinking,
   teleportation, or banishment.
   rC:        It protects you from cold.
 m - the +1 pair of gloves of Vlad (worn) {rC+++}
   (You acquired it on level 4 of the Dungeon)

   rC:        It renders you almost immune to cold.
 u - the +13 plate armour of Pebloen (worn) {rElec rPois rF++ Dex-4}
   (You found it on level 5 of the Lair of Beasts)

   Dex:       It affects your dexterity (-4).
   rF:        It greatly protects you from fire.
   rElec:     It insulates you from electricity.
   rPois:     It protects you from poison.
 x - a +8 tower shield of protection (worn)
 C - a +2 cloak of preservation (worn)
 W - the +5 robe of Night {Dark Will+ SInv}
   (You found it on level 3 of the Crypt)

   Dark:      It shrouds the wearer in darkness, reducing the range at which
   they can see and be seen by others.
   SInv:      It lets you see invisible.
   Will:      It increases your willpower.
Jewellery
 c - a ring of willpower (right hand)
 e - a ring of the Octopus King (left hand) {rN+ HP+2 AC+2 EV+2 SH+2}
   (You bought it in a shop on level 2 of the Orcish Mines)

   [ring of positive energy]

   AC:        It affects your AC (+2).
   EV:        It affects your evasion (+2).
   rN:        It protects you from negative energy.
   HP:        It affects your health (+2).
   SH:        It affects your SH (+2).
 X - the amulet of the Mutiny (around neck) {Reflect rF+ Dex+3 SH+5}
   (You bought it in a shop on level 2 of the Dungeon)

   [amulet of reflection]

   It reflects blocked missile attacks.
   Dex:       It affects your dexterity (+3).
   rF:        It protects you from fire.
   SH:        It affects your SH (+5).
Wands
 v - a wand of digging (24)
 J - a wand of mindburst (25)
 L - a wand of roots (5)
 O - a wand of charming (23)
 U - a wand of acid (35)
Scrolls
 q - 22 scrolls of teleportation
 r - 2 scrolls of silence
 y - 3 scrolls of blinking
 z - 4 scrolls of fear
 D - 4 scrolls of poison
 F - a scroll of summoning
 I - 9 scrolls of fog
 Y - 8 scrolls of immolation
Potions
 d - 4 potions of might
 g - 5 potions of resistance
 j - 22 potions of curing
 k - 6 potions of berserk rage
 p - 11 potions of flight
 s - 4 potions of invisibility
 t - 4 potions of mutation
 A - 3 potions of cancellation
 E - 6 potions of magic
 G - 6 potions of heal wounds
 Q - 2 potions of haste
 R - 12 potions of lignification
 T - 4 potions of ambrosia
Miscellaneous
 h - a tin of tremorstones (2/2)
 H - a box of beasts
 M - a condenser vane
 N - a phantom mirror (inert)
 P - a phial of floods
 V - a lightning rod (4/4)


   Skills:
 + Level 24.9 Fighting
 - Level 9.6(13.0) Axes
 - Level 14.0(15.1) Polearms
 + Level 21.8 Throwing
 + Level 24.9 Armour
 + Level 21.4 Dodging
 O Level 27 Shields
 - Level 8.5 Invocations
 + Level 18.2 Evocations


You had 25 spell levels left.
You didn't know any spells.
Your spell library contained the following spells:

 Spells                   Type           Power      Damage    Failure   Level
 Beastly Appendage        Tmut           0%         N/A       87%         1
 Foxfire                  Conj/Fire      0%         2x1d4     87%         1
 Kiss of Death            Conj/Necr      0%         2d5       87%         1
 Magic Dart               Conj           0%         1d3       87%         1
 Necrotise                Necr           0%         1d4       87%         1
 Sandblast                Erth           0%         2d4       87%         1
 Shock                    Conj/Air       0%         1d3       87%         1
 Summon Small Mammal      Summ           0%         N/A       87%         1
 Passwall                 Tmut/Erth      0%         N/A       95%         2
 Searing Ray              Conj           0%         2d4       95%         2
 Static Discharge         Conj/Air       0%         2-2/arc   95%         2
 Sublimation of Blood     Necr           0%         N/A       95%         2
 Wereblood                Tmut           0%         N/A       95%         2
 Call Canine Familiar     Summ           0%         N/A       99%         3
 Frozen Ramparts          Ice            0%         1d1       99%         3
 Hailstorm                Conj/Ice       0%         3d3       99%         3
 Stone Arrow              Conj/Erth      0%         3d7       99%         3
 Swiftness                Air            0%         N/A       99%         3
 Vampiric Draining        Necr           0%         2d6       99%         3
 Airstrike                Air            0%         2d(0-16)  100%        4
 Animate Armour           Summ/Erth      0%         N/A       100%        4
 Dispel Undead            Necr           0%         3d6       100%        4
 Ice Form                 Ice/Tmut       0%         N/A       100%        4
 Petrify                  Tmut/Erth      0%         N/A       100%        4
 Sticky Flame             Conj/Fire      0%         2d3       100%        4
 Summon Ice Beast         Ice/Summ       0%         N/A       100%        4
 Summon Lightning Spire   Summ/Air       0%         N/A       100%        4
 Agony                    Necr           0%         N/A       100%        5
 Arcjolt                  Conj/Air       0%         1d10      100%        5
 Blade Hands              Tmut           0%         N/A       100%        5
 Borgnjor's Vile Clutch   Necr/Erth      0%         N/A       100%        5
 Fireball                 Conj/Fire      0%         3d3       100%        5
 Freezing Cloud           Conj/Ice/Air   0%         6-21      100%        5
 Iskenderun's Battlesphe  Conj           0%         2d6       100%        5
 Lightning Bolt           Conj/Air       0%         1d11      100%        5
 Conjure Ball Lightning   Conj/Air       0%         3x3d6     100%        6
 Death Channel            Necr           0%         N/A       100%        6
 Iron Shot                Conj/Erth      0%         9d1       100%        6
 Simulacrum               Ice/Necr       0%         N/A       100%        6
 Starburst                Conj/Fire      0%         6d3       100%        6
 Statue Form              Tmut/Erth      0%         N/A       100%        6
 Summon Cactus Giant      Summ           0%         N/A       100%        6
 Haunt                    Necr/Summ      0%         N/A       100%        7
 Orb of Destruction       Conj           0%         9d5       100%        7
 Ozocubu's Refrigeration  Ice            0%         4d7       100%        7
 Spellforged Servitor     Conj/Summ      0%         N/A       100%        7
 Storm Form               Tmut/Air       0%         N/A       100%        7
 Summon Hydra             Summ           0%         N/A       100%        7
 Ignition                 Fire           0%         3d3       100%        8
 Lehudib's Crystal Spear  Conj/Erth      0%         10d2      100%        8
 Maxwell's Capacitive Co  Air            0%         ∞         100%        8
 Necromutation            Tmut/Necr      0%         N/A       100%        8
 Chain Lightning          Conj/Air       0%         N/A       100%        9
 Fire Storm               Conj/Fire      0%         5d1       100%        9
 Shatter                  Erth           0%         3d5*      100%        9
 Cigotuvi's Dreadful Rot  Necr/Pois/Air  Unusable   N/A       N/A         2
 Ensorcelled Hibernation  Hex/Ice        Unusable   N/A       N/A         2
 Lesser Beckoning         Tloc           Unusable   N/A       N/A         2
 Confusing Touch          Hex            Unusable   N/A       N/A         3
 Dazzling Flash           Conj/Hex       Unusable   N/A       N/A         3
 Gell's Gravitas          Tloc           Unusable   N/A       N/A         3
 Ignite Poison            Fire/Tmut/Pois Unusable   N/A       N/A         3
 Mephitic Cloud           Conj/Pois/Air  Unusable   N/A       N/A         3
 Portal Projectile        Hex/Tloc       Unusable   N/A       N/A         3
 Spider Form              Tmut/Pois      Unusable   N/A       N/A         3
 Summon Guardian Golem    Hex/Summ       Unusable   N/A       N/A         3
 Teleport Other           Tloc           Unusable   N/A       N/A         3
 Tukima's Dance           Hex            Unusable   N/A       N/A         3
 Vhi's Electric Charge    Tloc/Air       Unusable   N/A       N/A         3
 Fulminant Prism          Conj/Hex       Unusable   3d5       N/A         4
 Iskenderun's Mystic Bla  Conj/Tloc      Unusable   2d3       N/A         4
 Leda's Liquefaction      Hex/Erth       Unusable   N/A       N/A         4
 Metabolic Englaciation   Hex/Ice        Unusable   N/A       N/A         5
 Silence                  Hex/Air        Unusable   N/A       N/A         5
 Summon Forest            Summ/Tloc      Unusable   N/A       N/A         5
 Summon Mana Viper        Hex/Summ       Unusable   N/A       N/A         5
 Yara's Violent Unravell  Hex/Tmut       Unusable   3d3       N/A         5
 Eringya's Noxious Bog    Tmut/Pois      Unusable   N/A       N/A         6

Dungeon Overview and Level Annotations

Branches:
Dungeon (15/15)            Temple (0/1) D:7            Lair (5/5) D:11
 Shoals (4/4) Lair:3        Snake (4/4) Lair:2        Slime (5/5) Lair:4
    Orc (2/2) D:12            Elf (3/3) Orc:2        Vaults (5/5) D:14
  Crypt (3/3) Vaults:3       Tomb (0/3) Crypt:3      Depths (4/4) D:15
   Hell (visited)             Zot (5/5) Depths:4    Ossuary (visited)
Desolation (visited)
    Dis: Hell:1         Geh: Hell:1         Coc: Hell:1         Tar: Hell:1

Altars:
Dithmenos
Elyvilon
Fedhas
Kikubaaqudgha
Nemelex Xobeh
Qazlal
Ru
Sif Muna
Trog
Vehumet
Xom
Yredelemnul
Jiyva

Shops:
D:2 =   D:4 *   D:10 !   Orc:2 ?:(==   Elf:3 [   Snake:1 ?[?   Snake:4 !
Vaults:1 ?   Vaults:3 *   Depths:4 =:=

Portals:
Hell: Depths:1 Depths:2 Depths:3 Depths:4
Abyss: Depths:2 Depths:3
Pandemonium: Depths:2
Ziggurat: Depths:2

Annotations:
Hell Geryon
Zot:5 exclusion: upstairs


Innate Abilities, Weirdness & Mutations

You have a pair of horns on your head.
You cannot be stealthy.
You cannot study or cast Hexes magic.
You cannot study or cast Poison magic.
You cannot study or cast Translocations magic.
You are slightly weak-willed. (Will-)
You are somewhat inexperienced. (-1 XL)
You are sensitive to extremes of temperature. (rF-, rC-)
You reflexively headbutt those who attack you in melee.
Potions cannot restore your health.
You are vulnerable to cold. (rC-)
You occasionally lose the ability to read scrolls when taking damage.
You passively dampen the noise of your surroundings.


Message History

Unknown command.
You impale the Orb Guardian!! Your headbutt misses the Orb Guardian.
The Orb Guardian is severely wounded.
You block the Orb Guardian's attack.
You puncture the Orb Guardian!
The Orb Guardian is almost dead.
You block the Orb Guardian's attack. You block the Orb Guardian's attack.
You barely miss the Orb Guardian.
The Orb Guardian is almost dead.
The Orb Guardian attacks as you move away!
You block the Orb Guardian's attack.
The Orb Guardian is stunned by your conviction and fails to attack.
You barely miss the Orb Guardian.
The Orb Guardian is severely wounded.
You block the Orb Guardian's attack. You block the Orb Guardian's attack.
The Orb Guardian hits you!
The Orb Guardian attacks as you move away!
The Orb Guardian hits you.
You focus your inner power and blind the Orb Guardian in retribution!
The Orb Guardian hits you!
There is a stone staircase leading up here.
You hit the Orb Guardian.
The Orb Guardian is severely wounded.
The Orb Guardian is stunned by your conviction and fails to attack.
You impale the Orb Guardian!!
You kill the Orb Guardian!
There is a stone staircase leading up here.
You climb upwards.
There is a stone staircase leading down here.
Things that are here:
the ring "Omem" {rElec rPois Int+6 Dex+4}; a +0 plate armour of fire resistance; a ring of protection from fire An ice devil comes into view.
There is an escape hatch in the ceiling here.
A mysterious force pulls you upwards. The hatch slams shut behind you.
There is a fountain of clear blue water here.
There is a staircase leading out of the dungeon here.
HP restored.
You have escaped!

##.............#....#.## #.#
#...#.....>....#.##.#..#### #.#
#..##............##.#.....# #.#
...##.........##....#.....# #.#
#..##.....................# #.#
....#......##♣♣♣.♣♣♣##....###.##
....#......# ♣⌠♣ #.....##..#
....#.>....♣♣♣♣♣.♣♣♣♣♣.....###.#
....#####.....⌠.@.⌠......#.# #.#
...## #..♣♣♣♣♣.♣♣♣♣♣..##.###.#
#..######..# ♣⌠♣ #.........#
#..........##♣♣♣.♣♣♣##....###..##
..........................##.....
......##.........###########.....
......##.........###########.....
......##.........................
......##.........###########.....


There were no monsters in sight!

Vanquished Creatures
  the Royal Jelly (Slime:5)
  8 dread liches
  Khufu (Crypt:2)
  8 ancient liches
  6 orbs of fire
  Mara (Shoals:4)
  A juggernaut (Depths:4)
  The ghost of Meadakhi the Spry, a master DgEE (Zot:4)
  2 royal mummies (Crypt:2)
  Vv (Zot:4)
  3 Killer Klowns
  Frederick (Vaults:4)
  Vashnia (Snake:2)
  3 curse toes
  Xtahua (Crypt:2)
  4 caustic shrikes
  10 golden dragons
  Nikola (Elf:1)
  The ghost of Vailuoroe the Devastator, a veteran GrEE of Lugonu (Crypt:2)
  A bone dragon (Depths:4)
  A Brimstone Fiend (Elf:3)
  2 electric golems (Zot:5)
  A Tzitzimitl (Zot:2)
  2 doom hounds (Zot:2)
  The ghost of Emire Bau the Warrior, an adept DsFi of Qazlal (Elf:3)
  Asterion (Vaults:1)
  10 liches
  26 Orb Guardians
  14 tentacled monstrosities
  Grunn (Zot:2)
  9 titans
  4 deep elf blademasters (Elf:3)
  3 deep elf master archers (Elf:3)
  7 quicksilver dragons
  7 ancient champions
  An Executioner (D:7)
  15 acid blobs
  6 death cobs
  3 tentacled starspawn (Abyss:3)
  5 sphinxes
  Kirke (Elf:1)
  8 storm dragons
  Polyphemus (Shoals:4)
  9 shadow dragons
  Ilsuiw (Shoals:3)
  2 revenants
  Gastronok (Lair:2)
  9 rockslimes
  20 fire giants
  4 nagarajas
  8 draconian monks
  11 tengu reavers
  12 azure jellies
  5 draconian knights
  2 imperial myrmidons (Desolation)
  19 frost giants
  6 deep elf sorcerers
  18 vault wardens
  4 ghost moths
  2 balrugs
  2 iron dragons (Vaults:5)
  An angel (Abyss:3)
  6 draconian shifters
  A draconian stormcaller (Zot:3)
  3 draconian scorchers
  An orc warlord (D:12)
  14 ghouls
  3 curse skulls
  Louise (D:15)
  6 draconian annihilators
  14 ironbound preservers
  7 quicksilver oozes (Slime:5)
  4 deep elf elementalists
  10 ironbound thunderhulks
  19 stone giants
  33 very ugly things
  A cacodemon (Depths:2)
  3 war gargoyles
  3 starflowers (Abyss:3)
  8 deep elf demonologists
  10 vampire knights
  A lorocyproca (Zot:4)
  17 green draconians
  8 spark wasps
  10 black draconians
  A juggernaut skeleton (Crypt:2)
  Nessos (D:15)
  10 yellow draconians
  14 deep elf annihilators
  18 starcursed masses
  18 dire elephants
  8 white draconians
  17 purple draconians
  6 eidola
  7 red draconians
  3 deep elf death magi
  16 fire dragons
  6 statues (Depths:3)
  5 merfolk javelineers
  4 crystal guardians
  18 ettins
  Snorg (D:14)
  A quicksilver dragon zombie (Crypt:3)
  7 yaktaur captains
  7 merfolk impalers
  Josephine (D:13)
  11 jiangshi
  5 deep elf high priests
  9 great orbs of eyes
  4 entropy weavers
  Harold (Orc:1)
  34 vault guards
  6 ragged hierophants (Desolation)
  10 peacekeepers
  6 rakshasas
  7 spriggan air magi
  A quicksilver dragon skeleton (Crypt:3)
  9 servants of whispers (Desolation)
  4 hydras
  Fannar (Orc:1)
  7 salamander tyrants
  7 ice dragons
  4 ogre magi
  6 boulder beetles
  2 catoblepae
  2 merfolk avatars
  A hydra (shapeshifter) (Vaults:5)
  6 merfolk aquamancers
  16 anacondas
  11 centaur warriors
  12 ironbound frosthearts
  11 two-headed ogres
  4 satyrs
  An alligator (Lair:4)
  24 dancing weapons
  3 death knights
  3 deep troll shamans (Depths:2)
  7 deep troll earth magi
  15 naga warriors
  13 vampire magi
  16 death yaks
  Urug (D:10)
  6 spriggan berserkers
  15 naga sharpshooters
  7 tengu warriors
  A titan zombie (Crypt:1)
  10 shock serpents
  2 thrashing horrors (Abyss:3)
  An orc high priest (Orc:1)
  A bennu skeleton (Crypt:2)
  21 hell knights
  A soul eater (Depths:2)
  13 deep elf knights
  14 skeletal warriors
  6 wretched stars (Abyss:3)
  4 salamander mystics (Snake:4)
  2 sixfirhies
  A skyshark (shapeshifter) (Depths:3)
  9 sea snakes
  2 shadow wraiths
  2 shadow demons
  4 skysharks
  3 iron trolls
  A bunyip skeleton (Crypt:3)
  A swamp dragon (Lair:5)
  A bog body (Crypt:1)
  20 deep elf archers
  3 glowing orange brains
  11 naga ritualists
  35 deep trolls
  6 flayed ghosts
  An orb spider (shapeshifter) (Depths:4)
  22 ironbound convokers
  10 phantasmal warriors
  19 lindwurms
  A tengu zombie (Depths:1)
  14 necromancers
  19 wizards
  19 harpies
  20 deep elf pyromancers
  An iron giant skeleton (Crypt:3)
  A fire giant zombie (Vaults:2)
  9 orc knights
  39 deep elf zephyrmancers
  A shining eye (shapeshifter) (Elf:1)
  5 shining eyes
  11 manticores
  40 ugly things
  An oklob plant (Abyss:3)
  12 mana vipers
  17 salamanders
  19 fauns
  4 cyclopes
  26 moths of wrath
  6 water nymphs
  A molten gargoyle (Desolation)
  12 merfolk sirens
  10 guardian serpents
  13 elephants
  2 cane toads (shapeshifter)
  19 vault sentinels
  3 eyes of devastation
  23 naga magi
  2 rust devils (Depths:2)
  A torpor snail (Lair:4)
  2 dire elephant skeletons
  12 cane toads
  A smoke demon (Zot:1)
  57 black mambas
  A white draconian zombie (Crypt:1)
  Maggie (Lair:2)
  7 gargoyles
  A centaur skeleton (Crypt:3)
  29 yaktaurs
  5 rime drakes
  6 freezing wraiths
  4 unseen horrors
  An unseen horror skeleton (Crypt:3)
  3 kobold demonologists
  A tormentor (D:3)
  A yellow draconian skeleton (Crypt:2)
  5 efreet
  4 komodo dragons
  5 tengu conjurers
  A red devil (Depths:2)
  13 polar bears
  13 trolls
  6 hellwings
  27 merfolk
  58 saltlings (Desolation)
  5 wind drakes
  5 hornets
  12 snapping turtles
  3 raiju
  11 blink frogs
  An ettin zombie (Vaults:2)
  A death drake skeleton (Crypt:3)
  An iron dragon simulacrum (Crypt:1)
  5 dream sheep (Lair:3)
  A slime creature (shapeshifter) (Vaults:5)
  2 air elementals
  17 water elementals
  A jumping spider (Vaults:3)
  4 large abominations
  89 slime creatures
  2 vampires (D:11)
  A black mamba zombie (Crypt:2)
  A flying skull (Crypt:3)
  5 shadows
  An ettin skeleton (Crypt:3)
  4 spriggans
  11 wraiths
  63 yaks
  5 fire elementals
  A ynoxinul (Abyss:3)
  A hog (shapeshifter) (D:12)
  9 humans (D:14)
  3 wyverns
  5 steam dragons
  7 basilisks
  A hog (Orc:2)
  2 redbacks (Vaults:4)
  A neqoxec (Abyss:3)
  12 vampire mosquitoes
  2 chaos spawn (Depths:2)
  67 nagas
  13 wargs
  A glowing shapeshifter zombie (Depths:1)
  A naga zombie (Crypt:1)
  Menkaure (D:5)
  6 acid dragons
  13 hell hounds (Lair:5)
  14 water moccasins
  A floating eye (shapeshifter) (Vaults:5)
  2 floating eyes (Slime:5)
  3 sky beasts
  A cane toad skeleton (Crypt:1)
  2 swamp drakes (Lair:5)
  6 small abominations (Abyss:3)
  43 orc warriors
  13 black bears
  2 human skeletons
  8 boggarts
  17 ogres
  2 blink frog skeletons
  27 wolves
  10 centaurs
  2 phantoms (D:5)
  5 kobold brigands
  A gnoll sergeant (D:8)
  3 elf zombies (Elf:1)
  A yaktaur zombie (Crypt:2)
  12 bullfrogs
  A necrophage (Crypt:3)
  A fire crab zombie (Crypt:3)
  11 scorpions
  3 earth elementals
  A cyclops skeleton (Crypt:2)
  A draconian skeleton (Crypt:1)
  7 wights (D:8)
  A warg skeleton (Crypt:1)
  4 howler monkeys
  2 spriggan skeletons (Crypt:3)
  A wolf zombie (Crypt:3)
  2 centaur zombies (Ossuary)
  A bullfrog zombie (Crypt:1)
  4 lava snakes (Lair:2)
  4 hounds
  12 orc priests
  A gnoll bouda (Orc:2)
  5 jellies
  4 human zombies
  A sleepcap (D:6)
  A black bear skeleton (Crypt:1)
  6 iguanas
  A basilisk skeleton (Crypt:3)
  Natasha (D:4)
  16 orc wizards
  4 scorpion zombies (Ossuary)
  2 hell rats
  A spectral hound (D:4)
  A hound skeleton (D:4)
  5 mummies
  A howler monkey zombie (D:4)
  Robin (D:3)
  7 gnolls
  A howler monkey skeleton (D:4)
  9 adders
  2 shadow imps
  2 white imps
  A jelly zombie (Crypt:1)
  2 adder skeletons (D:4)
  2 iguana skeletons (Crypt:2)
  3 worms
  2 dart slugs
  66 orcs
  3 ball pythons
  4 endoplasms
  3 giant cockroaches
  A gnoll zombie (Ossuary)
  11 goblins
  6 hobgoblins
  4 jackals (D:3)
  21 kobolds
  2 quokkas
  3 bats
  3 frilled lizards
  3 goblin zombies (Ossuary)
  5 hobgoblin zombies
  5 kobold zombies
  3 orc zombies (Ossuary)
  A quokka zombie (Crypt:3)
  5 rats
  A starspawn tentacle (Abyss:3)
  2 tentacles (Shoals:3)
2685 creatures vanquished.

Vanquished Creatures (collateral kills)
  An ancient lich (Zot:4)
  An eidolon (Crypt:3)
  A boulder beetle (Vaults:1)
  A deep troll shaman (Depths:2)
  A spriggan berserker (Depths:2)
  2 deep trolls (Depths:2)
  A phantasmal warrior (Vaults:5)
  A starcursed mass (Abyss:3)
  3 gnolls (D:8)
  An orc (D:12)
13 creatures vanquished.

Vanquished Creatures (others)
  The ghost of Bucoetae the Slayer, a veteran OgBe of Trog (Zot:4)
  Boris (Vaults:5)
  A caustic shrike (Depths:3)
  An Orb Guardian (Zot:4)
  An ancient champion (Crypt:1)
  A kraken (Shoals:3)
  A shadow dragon (Vaults:5)
  An azure jelly (Slime:4)
  A fire giant (Depths:1)
  2 nagarajas
  2 vault wardens
  A draconian knight (Zot:1)
  A frost giant (Vaults:5)
  2 draconian shifters (Zot:4)
  2 draconian scorchers
  2 draconian annihilators
  A reaper (Crypt:3)
  A very ugly thing (Vaults:1)
  An ironbound preserver (Vaults:5)
  A war gargoyle (Vaults:5)
  2 stone giants
  A green draconian (Zot:3)
  An ironbound thunderhulk (Vaults:3)
  A deep elf annihilator (Depths:3)
  A dire elephant (Vaults:1)
  A white draconian (Zot:4)
  An ettin (Vaults:1)
  A fire dragon (Depths:1)
  A yaktaur captain (Vaults:3)
  A deep elf high priest (Vaults:5)
  A vault guard (Vaults:1)
  3 peacekeepers
  A centaur warrior (D:12)
  A dancing weapon (Elf:2)
  A tengu warrior (Depths:1)
  A deep troll shaman (Depths:1)
  4 deep elf knights
  Nergalle (Lair:3)
  A storm dragon skeleton (Crypt:1)
  3 deep trolls
  A naga ritualist (Snake:4)
  An ironbound convoker (Vaults:3)
  2 lindwurms (Vaults:4)
  2 orc knights
  2 harpies
  3 deep elf pyromancers
  2 deep elf zephyrmancers
  An ugly thing (Vaults:4)
  2 fauns
  A vault sentinel (Vaults:4)
  2 naga magi
  A molten gargoyle (Desolation)
  3 black mambas
  2 guardian serpents
  A gargoyle (D:11)
  A red devil (Zot:3)
  A troll (Zot:2)
  7 saltlings (Desolation)
  A blink frog (Lair:5)
  4 slime creatures
  A snapping turtle (Shoals:1)
  A yak (Lair:1)
  4 water elementals
  4 humans
  A redback (Vaults:4)
  A naga (Snake:2)
  A warg (Orc:2)
  A wolf (Lair:4)
  A starcursed mass (Abyss:3)
  A sleepcap (D:6)
  6 orcs
  A demonic plant (Abyss:3)
  12 fungi
  2 lurking horrors (Abyss:3)
  101 plants
  4 starspawn tentacles (Abyss:3)
  4 tentacles (Shoals:3)
  39 withered plants
278 creatures vanquished.

Grand Total: 2976 creatures vanquished

Notes
Turn   | Place    | Note
-------+----------+-------------------------------------------
     0 | D:1      | MrSquiggles the Minotaur Fighter began the quest for the
                  | Orb.
     0 | D:1      | Reached XP level 1. HP: 19/19 MP: 0/0
   265 | D:1      | Reached XP level 2. HP: 27/27 MP: 1/1
   692 | D:2      | Reached skill level 4 in Shields
   692 | D:2      | Reached XP level 3. HP: 18/33 MP: 2/2
   950 | D:2      | Found Zibunezoe's Jewellery Emporium.
  1312 | D:3      | Reached XP level 4. HP: 38/40 MP: 3/3
  1349 | D:3      | Noticed Robin
  1372 | D:3      | Killed Robin
  2089 | D:3      | Found a sacrificial altar of Ru.
  2275 | D:3      | Became a worshipper of Ru the Awakened
  2289 | D:4      | Found a white marble altar of Elyvilon.
  2332 | D:4      | Identified a scroll of acquirement
  2332 | D:4      | Acquired an amulet of the acrobat
  2363 | D:4      | Acquired the +1 pair of gloves of Vlad {rC+++}
  2394 | D:4      | Found Oneehech's General Store.
  2416 | D:4      | Found a sand-covered staircase.
  2419 | D:4      | Reached XP level 5. HP: 47/47 MP: 4/4
  2421 | Ossuary  | Entered an ossuary
  2438 | Ossuary  | Reached skill level 5 in Polearms
  2445 | Ossuary  | Reached skill level 5 in Fighting
  2445 | Ossuary  | Reached skill level 5 in Armour
  2463 | Ossuary  | Reached XP level 6. HP: 49/56 MP: 5/5
  2624 | Ossuary  | Reached XP level 7. HP: 44/62 MP: 6/6
  3568 | D:4      | Gained mutation: You are sensitive to extremes of
                  | temperature. (rF-, rC-) [Ru sacrifice]
  3568 | D:4      | Reached * piety under Ru
  3568 | D:4      | Reached ** piety under Ru
  3720 | D:4      | Noticed Natasha
  3734 | D:4      | Killed Natasha
  3755 | D:4      | Identified the +2 dagger of the Shoals {pain, rC- Int+3
                  | Stlth+}
  3897 | D:5      | Entered Level 5 of the Dungeon
  3897 | D:5      | Noticed Menkaure
  3899 | D:5      | Killed Menkaure
  3900 | D:5      | Reached XP level 8. HP: 71/71 MP: 7/7
  4030 | D:5      | Found a shimmering blue altar of Sif Muna.
  4613 | D:5      | Found a sparkling altar of Nemelex Xobeh.
  5282 | D:6      | Found a blossoming altar of Fedhas.
  5454 | D:6      | Reached skill level 10 in Polearms
  5568 | D:6      | Reached XP level 9. HP: 73/81 MP: 8/8
  5653 | D:6      | Reached skill level 5 in Shields
  6043 | D:6      | Identified the +1 scale mail of the Vacuum {+Inv rElec
                  | rPois MP-9}
  6608 | D:7      | Found a shimmering altar of Xom.
  6669 | D:7      | Reached skill level 6 in Shields
  6737 | D:7      | Gained mutation: You cannot study or cast Poison magic. [Ru
                  | sacrifice]
  6737 | D:7      | Gained mutation: You cannot study or cast Hexes magic. [Ru
                  | sacrifice]
  6737 | D:7      | Gained mutation: You cannot study or cast Translocations
                  | magic. [Ru sacrifice]
  6737 | D:7      | Reached *** piety under Ru
  6797 | D:7      | Found a staircase to the Ecumenical Temple.
  7024 | D:8      | Killed an unseen horror
  7153 | D:8      | Reached XP level 10. HP: 90/91 MP: 0/9
  8180 | D:9      | Reached skill level 7 in Shields
  8484 | D:2      | Bought the amulet of the Mutiny {Reflect rF+ Dex+3 SH+5}
                  | for 503 gold pieces
  9011 | D:10     | Entered Level 10 of the Dungeon
  9015 | D:10     | Found a shadowy altar of Dithmenos.
  9027 | D:10     | Noticed a gargoyle
  9037 | D:10     | Killed a gargoyle
  9431 | D:10     | Gained mutation: You cannot be stealthy. [Ru sacrifice]
  9472 | D:10     | Reached skill level 10 in Fighting
  9472 | D:10     | Reached skill level 10 in Armour
  9642 | D:10     | Found Gekiskuo's Distillery.
  9647 | D:10     | Bought a potion of heal wounds for 60 gold pieces
  9647 | D:10     | Bought a potion of lignification for 36 gold pieces
  9772 | D:10     | Noticed Urug
  9810 | D:10     | Killed Urug
  9811 | D:10     | Reached skill level 8 in Shields
  9951 | D:10     | Reached XP level 11. HP: 93/100 MP: 1/10
 10144 | D:10     | Noticed a two-headed ogre
 10154 | D:10     | Killed a two-headed ogre
 10427 | D:11     | Reached skill level 1 in Throwing
 10768 | D:11     | Noticed a death yak
 10786 | D:11     | Killed a death yak
 10837 | D:11     | Noticed a death yak
 10851 | D:11     | Noticed a death yak
 10857 | D:11     | Killed a death yak
 10858 | D:11     | Reached skill level 9 in Shields
 10870 | D:11     | Killed a death yak
 11015 | D:11     | Noticed a two-headed ogre
 11024 | D:11     | Killed a two-headed ogre
 11271 | D:11     | Found a staircase to the Lair.
 11914 | Lair:1   | Entered Level 1 of the Lair of Beasts
 12091 | Lair:1   | Noticed a death yak
 12092 | Lair:1   | Noticed a death yak
 12092 | Lair:1   | Noticed a death yak
 12092 | Lair:1   | Noticed a death yak
 12093 | Lair:1   | Noticed a death yak
 12128 | D:12     | Reached skill level 10 in Shields
 12128 | D:12     | Reached XP level 12. HP: 111/111 MP: 2/11
 12275 | D:12     | Found a staircase to the Orcish Mines.
 12544 | D:12     | Reached skill level 5 in Throwing
 12666 | D:12     | Identified the +1 dire flail of the Ecumenical Temple
                  | {drain, rCorr Dex+4}
 12841 | D:12     | Noticed a boulder beetle
 12952 | D:12     | Noticed a centaur warrior
 12962 | D:12     | Killed a centaur warrior
 12966 | D:12     | Killed a boulder beetle
 13009 | D:12     | Gained mutation: You are slightly weak-willed. (Will-) [Ru
                  | sacrifice]
 13009 | D:12     | Reached **** piety under Ru
 13009 | D:12     | Reached ***** piety under Ru
 13081 | D:12     | Noticed an ogre mage
 13096 | D:12     | Killed an ogre mage
 13097 | D:12     | Reached skill level 11 in Shields
 13125 | D:12     | Reached skill level 1 in Invocations
 13161 | D:12     | Noticed a boulder beetle
 13197 | D:12     | Noticed an orc warlord
 13201 | D:12     | Killed a boulder beetle
 13223 | D:12     | Killed an orc warlord
 13437 | D:12     | Noticed a centaur warrior
 13450 | D:12     | Noticed a boulder beetle
 13461 | D:12     | Killed a centaur warrior
 13488 | D:12     | Killed a boulder beetle
 14007 | D:12     | Reached XP level 13. HP: 42/122 MP: 5/14
 14301 | Orc:1    | Entered Level 1 of the Orcish Mines
 14354 | Orc:1    | Noticed Fannar
 14371 | Orc:1    | Killed Fannar
 14641 | Orc:1    | Noticed Harold
 14662 | Orc:1    | Killed Harold
 14704 | D:12     | Acquired a ring of protection from fire
 14808 | Orc:2    | Entered Level 2 of the Orcish Mines
 14910 | Orc:2    | Found Jaek's Jewellery Shop.
 14995 | Orc:2    | Reached skill level 12 in Shields
 15142 | Orc:2    | Found Meuhum's Jewellery Shop.
 15289 | Orc:2    | Found Zoheics's Weapon Emporium.
 16176 | Orc:2    | Found a staircase to the Elven Halls.
 16196 | Orc:2    | Gained mutation: You are somewhat inexperienced. (-1 XL)
                  | [Ru sacrifice]
 16196 | Orc:2    | Reached XP level 12. HP: 115/115 MP: 5/5
 16196 | Orc:2    | Reached ****** piety under Ru
 16479 | Orc:2    | Found Nemaup's Book Shop.
 16479 | Orc:2    | Found Feyfilosch's Magic Scroll Emporium.
 16485 | Orc:2    | Bought a scroll of enchant armour for 105 gold pieces
 16485 | Orc:2    | Bought a scroll of identify for 28 gold pieces
 16485 | Orc:2    | Bought a scroll of identify for 28 gold pieces
 16485 | Orc:2    | Bought a scroll of identify for 28 gold pieces
 17021 | Orc:2    | Bought the ring "Omem" {rElec rPois Int+6 Dex+4} for 688
                  | gold pieces
 17688 | Lair:1   | Reached skill level 5 in Invocations
 18503 | Lair:2   | Found a staircase to the Snake Pit.
 18662 | Lair:2   | Noticed Maggie
 18675 | Lair:2   | Killed Maggie
 18704 | Lair:2   | Noticed Gastronok
 18724 | Lair:2   | Killed Gastronok
 18791 | Lair:2   | Reached XP level 13. HP: 124/124 MP: 16/16
 18814 | Lair:2   | Reached skill level 13 in Shields
 20174 | Lair:3   | Found a staircase to the Shoals.
 20375 | Lair:3   | Noticed Nergalle
 20385 | Lair:3   | Killed Nergalle
 21421 | Lair:4   | Reached skill level 15 in Fighting
 21553 | Lair:4   | Reached skill level 15 in Armour
 21578 | Lair:4   | Reached skill level 14 in Shields
 21999 | Lair:4   | Found a viscous altar of Jiyva.
 21999 | Lair:4   | Found a staircase to the Slime Pits.
 22065 | Lair:5   | Entered Level 5 of the Lair of Beasts
 22462 | Lair:5   | Reached XP level 14. HP: 131/135 MP: 18/18
 22576 | Lair:5   | Reached skill level 10 in Throwing
 22854 | Lair:5   | Identified the +13 plate armour of Pebloen {rElec rPois
                  | rF++ Dex-4}
 23233 | D:2      | Bought a ring of willpower for 250 gold pieces
 24635 | D:13     | Noticed Josephine
 24642 | D:13     | Killed Josephine
 24765 | D:13     | Found a stormy altar of Qazlal.
 25125 | D:14     | Reached skill level 1 in Dodging
 25131 | D:14     | Reached skill level 1 in Evocations
 25320 | D:14     | Noticed Snorg
 25344 | D:14     | Killed Snorg
 25715 | D:14     | Found a gate to the Vaults.
 26064 | D:15     | Entered Level 15 of the Dungeon
 26246 | D:15     | Found a white marble altar of Elyvilon.
 26411 | D:15     | Noticed Louise
 26429 | D:15     | Killed Louise
 26855 | D:15     | Noticed Nessos
 26860 | D:15     | Killed Nessos
 27001 | D:15     | Found a staircase to the Depths.
 27244 | Depths:1 | Entered Level 1 of the Depths
 27254 | Depths:1 | Found a gateway to Hell.
 27417 | Snake:1  | Entered Level 1 of the Snake Pit
 27495 | Snake:1  | Reached skill level 5 in Dodging
 27527 | Snake:1  | Found a flickering gateway to a bazaar.
 27561 | Bazaar   | Entered a bazaar
 27561 | Bazaar   | Found Wemi's Distillery.
 27586 | Bazaar   | Found Arympiqa's Antique Weapon Shop.
 27606 | Bazaar   | Found Aliythridd's Antique Armour Shop.
 27614 | Bazaar   | Bought the +3 pair of mountain boots {steadfast, rC+} for
                  | 804 gold pieces
 27614 | Bazaar   | Found the +3 pair of mountain boots {steadfast, rC+}
 27761 | Snake:1  | Reached XP level 15. HP: 56/143 MP: 20/20
 28046 | Snake:1  | Found Fiapumuup's Armour Shoppe.
 28128 | Snake:1  | Found Dadaomar's Magic Scroll Boutique.
 28206 | Snake:1  | Reached skill level 5 in Evocations
 28422 | Snake:1  | Found Ereitu Seub's Magic Scroll Emporium.
 29139 | Snake:2  | Noticed Vashnia
 29202 | Snake:2  | Killed Vashnia
 31224 | Snake:3  | Found a bloodstained altar of Trog.
 31439 | Snake:3  | Reached XP level 16. HP: 151/151 MP: 21/21
 32074 | Snake:4  | Entered Level 4 of the Snake Pit
 32105 | Snake:4  | Reached skill level 10 in Dodging
 32187 | Snake:4  | Found Senkalupn's Distillery.
 33393 | Snake:4  | Reached skill level 15 in Shields
 34322 | Snake:4  | Got a serpentine rune of Zot
 34545 | Shoals:1 | Entered Level 1 of the Shoals
 35285 | Orc:2    | Bought a ring of flight for 192 gold pieces
 36710 | Shoals:2 | Reached XP level 17. HP: 158/158 MP: 22/22
 36943 | Shoals:2 | Identified the +3 plate armour of Zuoh {Dex+3}
 37314 | Shoals:2 | Reached skill level 16 in Shields
 38418 | Shoals:3 | Noticed Ilsuiw
 38480 | Shoals:3 | Killed Ilsuiw
 38916 | Shoals:4 | Entered Level 4 of the Shoals
 38998 | Shoals:4 | Reached skill level 10 in Evocations
 39062 | Shoals:4 | Reached skill level 15 in Throwing
 39062 | Shoals:4 | Noticed Mara
 39076 | Shoals:4 | Killed Mara
 39338 | Shoals:4 | Reached skill level 17 in Shields
 40364 | Shoals:4 | Noticed Polyphemus
 40380 | Shoals:4 | Killed Polyphemus
 41401 | Shoals:4 | Got the Compendium of the Underground Welkin
 41571 | Shoals:4 | Got a barnacled rune of Zot
 42163 | Elf:1    | Entered Level 1 of the Elven Halls
 42166 | Elf:1    | Noticed Kirke
 42394 | Elf:1    | Killed Kirke
 42492 | Elf:1    | Reached XP level 18. HP: 168/169 MP: 23/23
 42496 | Elf:1    | Paralysed by an air elemental for 1 turns
 42504 | Elf:1    | Paralysed by an air elemental for 1 turns
 42842 | Elf:1    | Noticed Nikola
 42877 | Elf:1    | Killed Nikola
 43672 | Elf:1    | Got Lawnif's Dissertation on Bodies
 43778 | Elf:1    | Gained mutation: You do not regenerate when monsters are
                  | visible. [a shining eye]
 43780 | Elf:1    | Reached skill level 18 in Shields
 43780 | Elf:1    | Lost mutation: You do not regenerate when monsters are
                  | visible. [potion of mutation]
 43780 | Elf:1    | Gained mutation: Your flesh is cold resistant. (rC+)
                  | [potion of mutation]
 43780 | Elf:1    | Gained mutation: Armour fits poorly on your strangely
                  | shaped body. [potion of mutation]
 43780 | Elf:1    | Gained mutation: Your muscles are strong. (Str +4, Int/Dex
                  | -1) [potion of mutation]
 43781 | Elf:1    | Lost mutation: Your flesh is cold resistant. (rC+) [potion
                  | of mutation]
 43781 | Elf:1    | Lost mutation: Armour fits poorly on your strangely shaped
                  | body. [potion of mutation]
 43781 | Elf:1    | Gained mutation: You have sharp toenails. [potion of
                  | mutation]
 43781 | Elf:1    | Gained mutation: You are agile. (Dex +4, Str/Int -1)
                  | [potion of mutation]
 44200 | Elf:2    | Found a crumbling gateway.
 44227 | Desolati | Entered the Desolation of Salt
 44947 | Desolati | Identified the +6 spear of Eqeax {freeze, rPois rC- MP+9
                  | Stlth+}
 45061 | Desolati | Identified the ring of Ignis's Hope {*Corrode rF+ EV+5
                  | Int+3 SInv}
 45135 | Desolati | Identified the +1 great mace of the Ten Gods {spect, rC-
                  | Dex+3 SInv}
 45353 | Desolati | Identified the amulet "Ampaced" {RegenMP Slay+2}
 45452 | Desolati | Got the Elucidation of Diablerie and the Cure
 45542 | Desolati | Got the Opusculum on Variation and the Snowflakes
 45553 | Desolati | Identified the +9 whip of the Freezing Scavenger {venom,
                  | Dex+4}
 45571 | Desolati | Identified the amulet "Erchugats" {Faith Will- Regen+ Int-3
                  | Dex+7}
 45690 | Desolati | Got Wetouxuf's Incunable of the Syncline
 45800 | Desolati | Got Gyuzikh's Folio of Telluric Arcane Combat
 45822 | Desolati | Identified the ring "Onlekur" {rC+ AC+4}
 46455 | Elf:2    | Reached skill level 19 in Shields
 46548 | Elf:2    | Reached XP level 19. HP: 178/179 MP: 24/24
 46580 | Elf:2    | Found a huge runed translucent gate.
 46580 | Elf:2    | Found a huge runed translucent gate.
 46580 | Elf:2    | Found a huge runed translucent gate.
 46580 | Elf:2    | Found a huge runed translucent gate.
 46582 | Elf:2    | Found a huge runed translucent gate.
 47529 | Elf:3    | Entered Level 3 of the Elven Halls
 47651 | Elf:3    | Found a runed translucent gate.
 47653 | Elf:3    | Found a runed translucent gate.
 47653 | Elf:3    | Noticed Emire Bau's ghost (adept DsFi)
 47654 | Elf:3    | Found a runed translucent gate.
 47962 | Elf:3    | Found Abeiclim's Armour Boutique.
 48475 | Elf:3    | Identified the amulet "Beugrej" {rPois rC+ Regen+ Str+4}
 48596 | Elf:3    | Found the +8 demon trident "Rift" {distort, reach+}
 48618 | Elf:3    | Got the Anthology of Mud and Abominable Magic
 48624 | Elf:3    | Identified the amulet "Difek" {Acrobat rC+ rCorr Str+3}
 48666 | Elf:3    | Identified the +8 scimitar "Beastslayer" {protect, rCorr}
 48713 | Elf:3    | Identified the +9 scimitar of Big Damage {drain, rElec
                  | rN+++}
 48808 | Elf:3    | Identified the +5 dagger of Questoid {antimagic, rPois rF+
                  | Str-4 SInv}
 48815 | Elf:3    | Got the Textbook on the Unified Dragon
 49296 | Slime:1  | Entered Level 1 of the Pits of Slime
 49299 | Slime:1  | Found a viscous altar of Jiyva.
 49940 | Slime:3  | Reached skill level 20 in Shields
 50737 | Snake:4  | Bought a potion of haste for 190 gold pieces
 50997 | Slime:5  | Entered Level 5 of the Pits of Slime
 50999 | Slime:5  | Gained mutation: Your magical capacity is low. (-10% MP) [a
                  | shining eye]
 51574 | Slime:5  | Lost mutation: Your muscles are strong. (Str +4, Int/Dex
                  | -1) [a shining eye]
 51577 | Slime:5  | Gained mutation: Armour fits poorly on your strangely
                  | shaped body. [a shining eye]
 52071 | Slime:5  | Noticed the Royal Jelly
 52080 | Slime:5  | Killed the Royal Jelly
 52081 | Slime:5  | Reached XP level 20. HP: 182/182 MP: 13/22
 52205 | Slime:5  | Identified the +7 long sword "Ifenarue" {flame, rElec rN+
                  | Will+ Int-3}
 52210 | Slime:5  | Identified the +7 rapier of Slime {flame, MP+9 Str+5}
 52237 | Slime:5  | Identified the ring "Wyeppuygov" {rF++ rN+ Will- SInv
                  | Stlth+}
 52272 | Slime:5  | Got a slimy rune of Zot
 52274 | Slime:5  | Identified the amulet "Kerhosupp" {Fly Regen+}
 52276 | Slime:5  | Identified the +1 dagger "Javoahej" {freeze, rElec rN+}
 53786 | Depths:1 | Identified the +10 shortbow of the Forging Gods {elec,
                  | *Corrode rPois Str-3 Int+4}
 53882 | Depths:1 | Found a basalt altar of Yredelemnul.
 54349 | Depths:1 | Reached skill level 21 in Shields
 54527 | Depths:1 | Identified the ring "Pujalig" {+Blink rElec Int+2 Dex+6
                  | Slay-2}
 54562 | Depths:1 | Reached skill level 15 in Dodging
 54576 | Depths:1 | Got Sif Muna's Essays on the Tropics and Vicissitude
 55074 | Depths:2 | Found a one-way gateway to a ziggurat.
 55093 | Depths:2 | Paralysed by a vampire knight for 4 turns
 55117 | Depths:2 | Paralysed by a vampire knight for 3 turns
 55127 | Depths:2 | Paralysed by a vampire knight for 4 turns
 55737 | Depths:2 | Paralysed by a vampire knight for 5 turns
 56256 | Depths:2 | Found a one-way gate to the infinite horrors of the Abyss.
 56332 | Depths:2 | Found a one-way gate leading to the halls of Pandemonium.
 56337 | Depths:2 | Reached XP level 21. HP: 199/199 MP: 7/23
 56785 | Depths:2 | Found a sacrificial altar of Ru.
 56897 | Depths:3 | Lost mutation: Armour fits poorly on your strangely shaped
                  | body. [potion of mutation]
 56897 | Depths:3 | Lost mutation: Your magical capacity is low. (-10% MP)
                  | [potion of mutation]
 56897 | Depths:3 | Gained mutation: You are partially covered in large bone
                  | plates. (SH +4) [potion of mutation]
 56897 | Depths:3 | Gained mutation: You have a pair of large horns on your
                  | head. [potion of mutation]
 56933 | Depths:3 | Reached skill level 22 in Shields
 57055 | Depths:3 | Found a bloodstained altar of Trog.
 57067 | Depths:3 | Identified the +0 chain mail "Zeystra" {rElec Dex-3 Slay+4}
 57314 | Depths:3 | Identified the ring of Jotith {rCorr AC+4 Str-3 Dex+3}
 57463 | Depths:3 | Noticed a golden dragon
 57494 | Depths:3 | Killed a golden dragon
 57753 | Depths:3 | Found a radiant altar of Vehumet.
 57753 | Depths:3 | Noticed an ancient lich
 57798 | Depths:3 | Killed an ancient lich
 58756 | Depths:4 | Entered Level 4 of the Depths
 59047 | Depths:4 | Noticed a caustic shrike
 59051 | Depths:4 | Noticed a caustic shrike
 59051 | Depths:4 | Noticed a caustic shrike
 59056 | Depths:4 | Noticed a caustic shrike
 59065 | Depths:3 | Killed a caustic shrike
 59084 | Depths:3 | Killed a caustic shrike
 59099 | Depths:4 | Killed a caustic shrike
 59119 | Depths:4 | Killed a caustic shrike
 59121 | Depths:4 | Noticed a caustic shrike
 59135 | Depths:3 | Killed a caustic shrike
 59301 | Depths:4 | Noticed a juggernaut
 59329 | Depths:4 | Killed a juggernaut
 59476 | Depths:4 | Found Acanoh's Jewellery Emporium.
 59477 | Depths:4 | Found Qycies's Book Shop.
 59501 | Depths:4 | Found Pofinaf's Jewellery Emporium.
 59616 | Depths:4 | Reached skill level 23 in Shields
 59694 | Depths:4 | Found a gate to the Realm of Zot.
 59732 | Depths:4 | Reached XP level 22. HP: 204/209 MP: 9/27
 60366 | Depths:4 | Found a shimmering blue altar of Sif Muna.
 61191 | Snake:1  | Bought a scroll of enchant armour for 82 gold pieces
 61374 | Vaults:1 | Entered Level 1 of the Vaults
 61398 | Vaults:1 | Noticed Asterion
 61422 | Vaults:1 | Killed Asterion
 63387 | Vaults:1 | Found Kemaer's Magic Scroll Emporium.
 64266 | Vaults:2 | Reached skill level 24 in Shields
 64831 | Vaults:3 | Found Fask's General Store.
 65767 | Vaults:3 | Found a staircase to the Crypt.
 65949 | Vaults:3 | Reached XP level 23. HP: 220/220 MP: 28/28
 66909 | Vaults:4 | Noticed Frederick
 66925 | Vaults:4 | Killed Frederick
 68156 | Orc:2    | Bought a ring of the Octopus King {rN+ HP+2 AC+2 EV+2 SH+2}
                  | for 789 gold pieces
 68156 | Orc:2    | Found the ring of the Octopus King {rN+ HP+2 AC+2 EV+2
                  | SH+2}
 68317 | Snake:1  | Bought a scroll of enchant weapon for 127 gold pieces
 68317 | Snake:1  | Bought a scroll of blinking for 127 gold pieces
 68317 | Snake:1  | Bought a scroll of blinking for 127 gold pieces
 68916 | Vaults:5 | Entered Level 5 of the Vaults
 68943 | Vaults:5 | Reached skill level 25 in Shields
 68955 | Vaults:5 | Noticed a dread lich
 68984 | Vaults:5 | Identified the +8 mace "Uvaguid" {vamp, Dex+5}
 69019 | Vaults:5 | Killed a dread lich
 69020 | Vaults:5 | Reached skill level 15 in Evocations
 69028 | Vaults:5 | Noticed Boris
 69076 | Vaults:5 | Killed Boris
 69304 | Vaults:5 | Identified the +2 war axe of Rothal {flame, rC++ Will++
                  | Str+3}
 69353 | Vaults:5 | Identified the ring of Yshon {Will+ rCorr Str+2}
 69390 | Vaults:5 | Reached XP level 24. HP: 173/231 MP: 28/28
 69525 | Vaults:5 | Noticed an ancient lich
 69547 | Vaults:5 | Killed an ancient lich
 69668 | Vaults:5 | Identified the +1 robe of Kikubaaqudgha {Harm Str+3}
 69777 | Vaults:5 | Paralysed by a sphinx for 5 turns
 69953 | Vaults:5 | Got a silver rune of Zot
 69973 | Vaults:5 | Identified the +0 trident of Hatred {antimagic, rCorr}
 70350 | Vaults:5 | Identified the +0 chain mail of Blue Skies {rPois}
 71207 | Elf:3    | Paralysed by an air elemental for 1 turns
 71219 | Elf:3    | Reached skill level 1 in Axes
 71220 | Elf:3    | Paralysed by an air elemental for 1 turns
 71288 | Elf:3    | Killed Emire Bau's ghost
 71571 | Elf:3    | Identified the +1 helmet of the Endless Expanse {rF- rC+
                  | rN++}
 71602 | Elf:3    | Acquired 1162 gold pieces
 71928 | Crypt:1  | Entered Level 1 of the Crypt
 71935 | Crypt:1  | Reached skill level 5 in Axes
 72913 | Crypt:1  | Found a transporter.
 73162 | Crypt:1  | Found a transporter.
 73239 | Crypt:1  | Reached skill level 26 in Shields
 73577 | Crypt:1  | Noticed a dread lich
 73582 | Crypt:1  | Killed a dread lich
 73615 | Crypt:1  | Identified the ring "Duolom" {Ice rCorr Str+2 Int-4}
 73630 | Crypt:1  | Identified the ring of Irolaov {rC+ Str+6 Int+2 Dex+3}
 74830 | Crypt:2  | Noticed Khufu
 74830 | Crypt:2  | Noticed a royal mummy
 74832 | Crypt:2  | Noticed a royal mummy
 74844 | Crypt:2  | Killed a royal mummy
 74846 | Crypt:2  | Killed Khufu
 74854 | Crypt:2  | Killed a royal mummy
 75123 | Crypt:2  | Noticed Xtahua
 75144 | Crypt:2  | Killed Xtahua
 75262 | Crypt:2  | Found a large runed translucent door.
 75262 | Crypt:2  | Found a large runed translucent door.
 75269 | Crypt:2  | Noticed Vailuoroe's ghost (veteran GrEE)
 76050 | Crypt:2  | Killed Vailuoroe's ghost
 76075 | Crypt:3  | Entered Level 3 of the Crypt
 77022 | Crypt:3  | Found a staircase to the Tomb.
 77053 | Crypt:3  | Found the +5 robe of Night {Dark Will+ SInv}
 77055 | Crypt:3  | Found the +3 greatsling "Punk" {acid, rCorr}
 77535 | Crypt:3  | Noticed a dread lich
 77546 | Crypt:3  | Killed a dread lich
 78211 | Orc:2    | Bought the +8 demon blade "Leech" {evervamp, Harm Drain
                  | rN+} for 906 gold pieces
 78211 | Orc:2    | Found the +8 demon blade "Leech" {evervamp, Harm Drain rN+}
 78509 | Zot:1    | Entered Level 1 of the Realm of Zot
 78514 | Zot:1    | Noticed an orb of fire
 78517 | Zot:1    | Killed an orb of fire
 78518 | Zot:1    | Reached XP level 25. HP: 240/240 MP: 28/28
 78601 | Zot:1    | Noticed an orb of fire
 78618 | Zot:1    | Killed an orb of fire
 78909 | Abyss:3  | Cast into level 3 of the Abyss (green draconian knight)
 78917 | Abyss:3  | Found a corrupted altar of Lugonu.
 78974 | Abyss:3  | Found a corrupted altar of Lugonu.
 79000 | Abyss:3  | Found a broken altar of Ashenzari.
 79042 | Abyss:3  | Lost intelligence.
 79061 | Abyss:3  | Got an abyssal rune of Zot
 79074 | Abyss:3  | Paralysed by accursed screaming for 1 turns
 79410 | Abyss:3  | Paralysed by accursed screaming for 1 turns
 79479 | Zot:1    | Escaped the Abyss
 81562 | Zot:2    | Reached skill level 27 in Shields
 82116 | Zot:2    | Noticed Grunn
 82160 | Zot:2    | Killed Grunn
 83808 | Zot:3    | Noticed an orb of fire
 83821 | Zot:3    | Gained mutation: Your flesh is cold resistant. (rC+) [an
                  | orb of fire]
 83824 | Zot:3    | Gained mutation: You are frail. (-10% HP) [an orb of fire]
 83837 | Zot:3    | Killed an orb of fire
 83838 | Zot:3    | Reached XP level 26. HP: 224/226 MP: 9/28
 85232 | Zot:4    | Found a runed translucent gate.
 85232 | Zot:4    | Found a runed translucent gate.
 85233 | Zot:4    | Noticed an ancient lich
 85233 | Zot:4    | Noticed an ancient lich
 85233 | Zot:4    | Noticed Bucoetae's ghost (veteran OgBe)
 85233 | Zot:4    | Noticed Meadakhi's ghost (master DgEE)
 85234 | Zot:4    | Found an ancient bone altar of Kikubaaqudgha.
 85234 | Zot:4    | Found a runed translucent gate.
 85234 | Zot:4    | Noticed an ancient lich
 85370 | Zot:4    | Noticed Vv
 85392 | Zot:4    | Killed Vv
 86068 | Zot:4    | Killed an ancient lich
 86069 | Zot:4    | Killed an ancient lich
 86124 | Zot:4    | Killed an ancient lich
 86124 | Zot:4    | Killed Bucoetae's ghost
 86139 | Zot:4    | Killed Meadakhi's ghost
 86159 | Zot:4    | Identified the +0 pair of gloves "Ulupsaek" {*Corrode rC+
                  | rN+ Stlth+}
 86162 | Zot:4    | Identified the ring "Witwux Pado" {rN++ AC+4}
 86329 | Zot:5    | Entered Level 5 of the Realm of Zot
 87361 | Zot:5    | Noticed an ancient lich
 87711 | Zot:5    | Killed an ancient lich
 87865 | Zot:5    | Noticed an orb of fire
 87885 | Zot:5    | Noticed an orb of fire
 87888 | Zot:5    | Killed an orb of fire
 87895 | Zot:5    | Gained mutation: You occasionally lose the ability to read
                  | scrolls when taking damage. [an orb of fire]
 87907 | Zot:5    | Killed an orb of fire
 87927 | Zot:5    | Lost mutation: Your flesh is cold resistant. (rC+) [potion
                  | of mutation]
 87927 | Zot:5    | Lost mutation: You have a pair of large horns on your head.
                  | [potion of mutation]
 87927 | Zot:5    | Gained mutation: Your spells are a little harder to cast,
                  | but a little more powerful. [potion of mutation]
 87927 | Zot:5    | Gained mutation: You occasionally lose the ability to drink
                  | potions when taking damage. [potion of mutation]
 87927 | Zot:5    | Lost mutation: You have sharp toenails. [potion of
                  | mutation]
 87928 | Zot:5    | Lost mutation: You are agile. (Dex +4, Str/Int -1) [potion
                  | of mutation]
 87928 | Zot:5    | Lost mutation: You are partially covered in large bone
                  | plates. (SH +4) [potion of mutation]
 87928 | Zot:5    | Gained mutation: You are partially covered in iridescent
                  | scales. (AC +2) [potion of mutation]
 87928 | Zot:5    | Gained mutation: You have a pair of large horns on your
                  | head. [potion of mutation]
 87928 | Zot:5    | Gained mutation: You expend magic power (3 MP) to
                  | strengthen your wands. [potion of mutation]
 87929 | Zot:5    | Lost mutation: You are partially covered in iridescent
                  | scales. (AC +2) [potion of mutation]
 87929 | Zot:5    | Lost mutation: Your spells are a little harder to cast, but
                  | a little more powerful. [potion of mutation]
 87929 | Zot:5    | Lost mutation: You have a pair of large horns on your head.
                  | [potion of mutation]
 87929 | Zot:5    | Gained mutation: Your flesh is cold resistant. (rC+)
                  | [potion of mutation]
 87929 | Zot:5    | Gained mutation: You have a pair of large horns on your
                  | head. [potion of mutation]
 87929 | Zot:5    | Gained mutation: Your body sometimes deteriorates upon
                  | taking damage. [potion of mutation]
 87930 | Zot:5    | Lost mutation: Your body sometimes deteriorates upon taking
                  | damage. [potion of mutation]
 87930 | Zot:5    | Lost mutation: You occasionally lose the ability to drink
                  | potions when taking damage. [potion of mutation]
 87930 | Zot:5    | Gained mutation: You are covered in fur. (AC +1) [potion of
                  | mutation]
 87930 | Zot:5    | Gained mutation: You are very frail. (-20% HP) [potion of
                  | mutation]
 87931 | Zot:5    | Lost mutation: You have a pair of large horns on your head.
                  | [potion of mutation]
 87931 | Zot:5    | Lost mutation: Your flesh is cold resistant. (rC+) [potion
                  | of mutation]
 87931 | Zot:5    | Lost mutation: You expend magic power (3 MP) to strengthen
                  | your wands. [potion of mutation]
 87931 | Zot:5    | Gained mutation: You are extremely frail. (-30% HP) [potion
                  | of mutation]
 87931 | Zot:5    | Lost mutation: You are extremely frail. (-30% HP) [potion
                  | of mutation]
 87931 | Zot:5    | Gained mutation: You have large cloven feet. [potion of
                  | mutation]
 87932 | Zot:5    | Lost mutation: You are covered in fur. (AC +1) [potion of
                  | mutation]
 87932 | Zot:5    | Lost mutation: You are very frail. (-20% HP) [potion of
                  | mutation]
 87932 | Zot:5    | Lost mutation: You have large cloven feet. [potion of
                  | mutation]
 87932 | Zot:5    | Gained mutation: You are partially covered in iridescent
                  | scales. (AC +2) [potion of mutation]
 87933 | Zot:5    | Lost mutation: You are frail. (-10% HP) [potion of
                  | mutation]
 87933 | Zot:5    | Lost mutation: You occasionally lose the ability to read
                  | scrolls when taking damage. [potion of mutation]
 87933 | Zot:5    | Lost mutation: You are partially covered in iridescent
                  | scales. (AC +2) [potion of mutation]
 87933 | Zot:5    | Gained mutation: You passively dampen the noise of your
                  | surroundings. [potion of mutation]
 88083 | Zot:5    | Noticed an orb of fire
 88084 | Zot:5    | Gained mutation: Potions are less effective at restoring
                  | your health. [an orb of fire]
 88092 | Zot:5    | Noticed a dread lich
 88098 | Zot:5    | Gained mutation: You occasionally lose the ability to read
                  | scrolls when taking damage. [an orb of fire]
 88102 | Zot:5    | Killed an orb of fire
 88106 | Zot:5    | Noticed a dread lich
 88110 | Zot:5    | Noticed a dread lich
 88115 | Zot:5    | Noticed an ancient lich
 88119 | Zot:4    | Killed a dread lich
 88146 | Zot:4    | Killed a dread lich
 88166 | Zot:4    | Paralysed by a dread lich for 4 turns
 88188 | Zot:4    | Killed a dread lich
 88525 | Zot:5    | Noticed an ancient lich
 88647 | Zot:5    | Killed an ancient lich
 88660 | Zot:5    | Killed an ancient lich
 88766 | Zot:5    | Noticed an ancient lich
 88778 | Zot:5    | Killed an ancient lich
 88873 | Zot:5    | Noticed a dread lich
 88889 | Zot:5    | Killed a dread lich
 89185 | Zot:5    | Noticed a dread lich
 89541 | Zot:5    | Killed a dread lich
 89577 | Zot:5    | Gained mutation: Potions cannot restore your health.
                  | [mutagenic glow]
 89587 | Zot:5    | Gained mutation: You are vulnerable to cold. (rC-)
                  | [mutagenic glow]
 90603 | Zot:5    | Got the Orb of Zot
 90707 | Zot:3    | Noticed Pomeigg the pandemonium lord
 90926 | Hell     | Entered the Vestibule of Hell
 90926 | Hell     | Noticed Geryon
 91276 | D:$      | Escaped with the Orb!

Illustrated notes

Levels and vault maps discovered:
D:1:      scummos_arrival_forest, layout_rooms, grunt_decor_junction,
          dreamdust_princess_corridor, minmay_misc_feat_encased,
          minmay_misc_feat_plants
D:2:      layout_rooms, serial_shops, nicolae_shop_statue_plus,
          kennysheep_generic_room_2
D:3:      layout_basic, old_standard_altar, uniq_robin
D:4:      layout_layer_cave, lemuel_crystal_altar, serial_shops,
          nicolae_shop_window_shopping, nicolae_ossuary_entry_giza,
          minmay_misc_feat_secret_circle, dilly_guarded_unrand_morg
D:5:      layout_cave_pods, lemuel_crystal_altar,
          mainiacjoe_overflow_surrounded_room, nicolae_elevator_lobby_plus,
          uniq_menkaure
D:6:      minmay_octagon_keep, layout_gridville, lemuel_crystal_altar,
          hangedman_abyss_or_decor_stagger, serial_park_tiny_2,
          due_unseen_surprise
D:7:      layout_basic, mainiacjoe_overflow_concentric_impassable,
          minmay_temple_entry_gardened_gates
D:8:      layout_rooms
D:9:      layout_loops_ring, nicolae_zen_rock_garden, minivault_11,
          nrook_loot_triangle
D:10:     layout_roguey, nicolae_dithmenos_the_darkroom, serial_shops,
          nicolae_shop_hallway_stairs, minmay_misc_feat_iff, uniq_urug
D:11:     layout_loops_corners, dpeg_lair_monsters,
          kennysheep_opposing_triangles
D:12:     minmay_the_grid_3x2 [minmay_the_grid_broken_lines,
          minmay_the_grid_doors, minmay_the_grid_tiny_cups,
          minmay_the_grid_armoury, minmay_the_grid_stretched_grid,
          minmay_the_grid_prize_trominoes], layout_cave_pools, orc_0_dummy
D:13:     layout_cave_pools, minmay_misc_feat_doors, grunt_qazlal_clouds,
          uniq_josephine
D:14:     layout_irregular_city, ximxim_vaults_locker_room,
          minmay_misc_feat_chi, minmay_holes, uniq_snorg
D:15:     grunt_enter_depths_hoard, layout_irregular_city, elyvilon_altar_1,
          uniq_nessos, uniq_louise
Lair:1:   layout_small_grid, serial_bayou_shore_b
Lair:2:   layout_regular_city, nicolae_snake_entry_warm_welcome,
          lemuel_fruit_fields, grunt_megastairs_3, uniq_gastronok, uniq_maggie
Lair:3:   layout_long_grid, minmay_shoals_entry_beasts, minivault_24,
          uniq_nergalle
Lair:4:   layout_gridlike, dpeg_slime_entry_enclosed, nicolae_lair_lakeside_cave
Lair:5:   guppyfry_lair_end_dragon, layout_small_grid,
          hangedman_lair_caniforms_friends
Shoals:1: layout_shoals
Shoals:2: layout_shoals
Shoals:3: layout_shoals, uniq_ilsuiw
Shoals:4: shoals_end_grunt_ice, layout_shoals, uniq_polyphemus, uniq_mara
Snake:1:  layout_misc_corridors, serial_shops, bzr_entry_gold, shop, shop, shop,
          serial_bayou_crossing
Snake:2:  layout_honeycomb, uniq_vashnia
Snake:3:  layout_basic, basic_altar, nicolae_integral_box
Snake:4:  snake_pit_salamanders_mu, layout_cave_town, serial_shops, shop_coins,
          serial_bayou_shore_a
Slime:1:  layout_caves, basic_altar
Slime:2:  layout_caves
Slime:3:  layout_caves, cheibrodos_slime_lost_civilization_7
Slime:4:  layout_caves, cheibrodos_slime_lost_civilization_4
Slime:5
Orc:1:    layout_diamond_mine, basic_altar, nicolae_orc_sculptors_studio,
          uniq_harold, uniq_fannar
Orc:2:    st_orc_town, layout_caves, serial_shops, nicolae_shop_hallway_stairs
Elf:1:    eino_elf_arrival_sip, layout_onion_city, minmay_elf_necromancy,
          uniq_nikola, uniq_kirke
Elf:2:    elven_hall_of_blades_hangedman_alternative [nicolae_blade_lattice],
          layout_onion_city, portal_desolation_entry_twin_temple
Elf:3:    minmay_elf_hall, layout_loops_corners, serial_shops,
          nicolae_shop_waterfront, gammafunk_ghost_tricky_traps
Vaults:1: vaults_dpeg_emergency_exit, hangedman_vaults_nails,
          nicolae_vaults_big_ls, vaults_mumra_hex,
          nicolae_vaults_twisting_passages, v_misc_27, st_lattice,
          hangedman_vaults_corner, nicolae_vaults_ring_of_whatevers,
          nicolae_vaults_little_squares_6, nicolae_vaults_specimen_jars,
          nicolae_vaults_little_ls, v_misc_17, nicolae_vaults_angled_halls,
          layout_vaults_ring, serial_shops, nicolae_shop_crystal, uniq_asterion
Vaults:2: ontoclasm_vaults_ligature, vaults_room_grid, v_misc_8,
          vaults_room_fours, vaults_room_fours,
          nicolae_vaults_ring_of_whatevers, hangedman_vaults_nails,
          nicolae_vaults_little_squares_3, nicolae_vaults_little_squares_5,
          ontoclasm_vaults_idyll, ontoclasm_vaults_decontamination,
          layout_vaults_big_room
Vaults:3: v_misc_13, vaults_dpeg_diagonal, nicolae_vaults_stairing_the_circle,
          grunt_vaults_funneled_arena, nicolae_vaults_border_crossing,
          v_misc_11, ontoclasm_vaults_ring_square, vaults_mumra_lcd,
          minmay_crypt_entry_simple_box, hangedman_vaults_stitches,
          nicolae_vaults_little_squares_2, hangedman_vaults_capsules, v_misc_2,
          layout_vaults_omnibox, serial_shops, shop
Vaults:4: hangedman_vaults_nails, hangedman_vaults_maws, grunt_vaults_bifocal,
          vaults_room_door_hall, vaults_mumra_minichess,
          nicolae_vaults_little_squares_1, nicolae_vaults_fighting_squares,
          grunt_vaults_hallway_short, v_misc_2, vaults_dpeg_ring,
          layout_vaults_omnigrid, uniq_frederick
Vaults:5: uniq_boris
Crypt:1:  gammafunk_its_a_trap, layout_chaotic_city, serial_glass,
          glass_columns_c, glass_columns_c
Crypt:2:  layout_rooms, ebering_ghost_disaster_area, minmay_misc_feat_ornament,
          uniq_xtahua, uniq_khufu
Crypt:3:  david_glass_crypt, layout_chaotic_city, tomb_entry_forgotten_bobbens
Depths:1: kennysheep_snake, layout_twisted_cross, hell_entry, serial_sigils,
          serial_sigils_hangedman_quiver, serial_sigils_hangedman_clutch,
          serial_sigils_hangedman_writhe, serial_sigils_hangedman_quiver,
          serial_sigils_hangedman_shear, lemuel_zombie_altar_yredelemnul
Depths:2: minmay_box_of_statues, layout_cave_pools, enter_ziggurat_b,
          grunt_pan_entry_spiral, hangedman_ru_absence, hell_entry, abyss_entry,
          nicolae_keep_em_comin, serial_bayou_shore_b,
          minmay_staircase_statues_hall_small
Depths:3: evilmike_halls_of_destruction, layout_long_grid, bloody_trog,
          marbit_kobold_abyss_entry, grunt_metal_band
Depths:4: grunt_zot_entry_tricorne, layout_long_grid,
          minmay_misc_feat_four_crosses, pf_coc_iceberg, tgw_sif,
          minmay_shop_grove
Hell
Zot:1:    grunt_zot_stairs_faceoff, layout_twisted_circle, zot_minivault_3,
          uniq_josephina
Zot:2:    lemuel_halls_of_wrath, layout_gridlike, uniq_grunn
Zot:3:    layout_gridlike
Zot:4:    layout_cathedral_of_symmetry, gammafunk_ghost_crypt, st_stairs_2,
          grunt_megastairs_4, uniq_vv
Zot:5:    layout_gridville

Skill      XL: |  1  2  3  4  5  6  7  8  9 10 11 12 13 14 15 16 17 18 19 20 21 22 23 24 25 26 |
---------------+-------------------------------------------------------------------------------+-----
Polearms       | 3 4 5 6 8 10 11 13 14 | 14.0
Fighting       | 4 5 6 7 9 10 11 14 15 16 17 18 19 20 21 22 23 24 | 24.9
Armour         | 4 5 6 7 9 10 11 14 15 16 17 18 19 20 21 22 23 24 | 24.9
Shields        | 4 6 8 10 11 14 15 17 19 20 21 23 24 25 26 27 | 27.0
Throwing       | 4 8 9 11 13 14 15 16 17 18 19 20 21 | 21.8
Invocations    | 5 7 8 |  8.5
Dodging        | 5 9 11 12 13 14 15 16 17 18 20 21 | 21.4
Evocations     | 4 7 9 10 11 12 13 14 15 16 18 | 18.2
Axes           | 9 |  9.6

Action                     |  1- 3 |  4- 6 |  7- 9 | 10-12 | 13-15 | 16-18 | 19-21 | 22-24 | 25-27 || total
---------------------------+-------+-------+-------+-------+-------+-------+-------+-------+-------++-------
  Melee: Trident           |    86 |   155 |   379 |  1035 |  2371 |  2092 |  2056 |  2080 |  1620 || 11874
         Headbutt          |     8 |    24 |    66 |   245 |   548 |   488 |   795 |   994 |   729 ||  3897
         Demon trident     |       |       |       |       |       |    25 |   403 |   125 |   520 ||  1073
         Labrys            |       |       |       |       |       |       |       |   449 |       ||   449
  Throw: Boomerang         |       |       |    15 |    48 |   117 |   382 |   228 |   223 |   227 ||  1240
         Dart              |       |       |       |    65 |    57 |       |       |       |     1 ||   123
         Javelin           |       |       |       |       |     1 |     9 |    19 |    36 |    22 ||    87
 Invoke: Sacrifice Resista |       |       |     1 |       |       |       |       |       |       ||     1
         Sacrifice Arcana  |       |       |     1 |       |       |       |       |       |       ||     1
         Sacrifice Stealth |       |       |       |     1 |       |       |       |       |       ||     1
         Draw Out Power    |       |       |       |     1 |       |     3 |       |     2 |     1 ||     7
         Sacrifice Essence |       |       |       |     1 |       |       |       |       |       ||     1
         Sacrifice Experie |       |       |       |     1 |       |       |       |       |       ||     1
         Power Leap        |       |       |       |       |     6 |     3 |     2 |       |       ||    11
         Apocalypse        |       |       |       |       |       |       |     1 |       |       ||     1
  Evoke: Wand              |       |       |     4 |    16 |     5 |     6 |     3 |     6 |     4 ||    44
         Tin of tremorston |       |       |       |       |     7 |     7 |     5 |    13 |     6 ||    38
         Condenser vane    |       |       |       |       |     2 |     5 |     3 |     2 |     2 ||    14
         Phial of floods   |       |       |       |       |       |     2 |     4 |     5 |       ||    11
         Box of beasts     |       |       |       |       |       |     1 |     4 |     3 |     3 ||    11
         Lightning rod     |       |       |       |       |       |       |     4 |     9 |       ||    13
         Phantom mirror    |       |       |       |       |       |       |     2 |     6 |     3 ||    11
    Use: Scroll            |       |     8 |     4 |    11 |     8 |     6 |    19 |    19 |     9 ||    84
         Potion            |       |       |       |     6 |     3 |     8 |    11 |    12 |    18 ||    58
   Stab: Distracted        |       |       |       |     4 |    12 |    14 |     7 |     9 |     9 ||    55
         Invisible         |       |       |       |     7 |    12 |     7 |    10 |     8 |     8 ||    52
         Paralysed         |       |       |       |     1 |    22 |     6 |     4 |     2 |       ||    35
         Petrified         |       |       |       |       |     6 |       |       |       |       ||     6
         Petrifying        |       |       |       |       |     2 |       |       |       |       ||     2
         Fleeing           |       |       |       |       |       |       |     1 |       |       ||     1
 Armour: Scale mail        |    23 |    84 |   127 |   151 |    37 |       |       |       |       ||   422
         Plate armour      |       |       |       |    29 |   705 |   719 |   571 |   443 |   507 ||  2974
         Skin              |       |       |       |       |       |       |    46 |       |       ||    46
  Dodge: Dodged            |    45 |    68 |   116 |   188 |   400 |   342 |   371 |   415 |   437 ||  2382
  Block: Buckler           |    10 |    30 |    50 |    35 |       |       |       |       |       ||   125
         Reflection        |       |       |       |    30 |   101 |   181 |    56 |    87 |    56 ||   511
         Kite shield       |       |       |       |   349 |  1491 |   311 |       |   597 |       ||  2748
         Tower shield      |       |       |       |       |       |  1596 |  2158 |  1816 |  2363 ||  7933

Table legend: (Time is in decaauts)
 A = Elapsed time spent in this place.
 B = Non-inter-level travel time spent in this place.
 C = Inter-level travel time spent in this place.
 D = Time resting spent in this place.
 E = Time spent auto-exploring this place.
 F = Levels seen in this place.
 G = Mean time per level.
                   A        B        C        D        E       F      G
               +--------+--------+--------+--------+--------+-----+--------+
         Total |  87415 |  75162 |  12253 |  15374 |  38580 |  60 | 1456.9 |
       Dungeon |  19534 |  15389 |   4145 |   1257 |  10709 |  15 | 1302.3 |
          Lair |   7419 |   5720 |   1699 |    632 |   3391 |   5 | 1483.8 |
        Shoals |   6884 |   6491 |    393 |   2781 |   2502 |   4 | 1721.0 |
     Snake Pit |   6941 |   6353 |    588 |   1354 |   3156 |   4 | 1735.2 |
    Slime Pits |   2204 |   2096 |    108 |    956 |    154 |   5 |  440.8 |
  Orcish Mines |   4063 |   2816 |   1247 |    791 |   1218 |   2 | 2031.5 |
   Elven Halls |   6055 |   4952 |   1103 |    624 |   2836 |   3 | 2018.3 |
        Vaults |   8925 |   7385 |   1540 |    623 |   4611 |   5 | 1785.0 |
         Crypt |   4690 |   4504 |    186 |   1628 |   1826 |   3 | 1563.3 |
        Depths |   7354 |   6672 |    682 |    685 |   3631 |   4 | 1838.5 |
          Hell |      3 |      3 |      0 |      0 |      0 |   1 |    3.0 |
           Zot |  10517 |   9959 |    558 |   3524 |   3779 |   5 | 2103.4 |
         Abyss |    508 |    508 |      0 |    208 |      0 |   1 |  508.0 |
        Bazaar |     77 |     77 |      0 |      0 |     50 |   1 |   77.0 |
       Ossuary |    507 |    507 |      0 |    117 |      0 |   1 |  507.0 |
    Desolation |   1727 |   1727 |      0 |    190 |    715 |   1 | 1727.0 |
               +--------+--------+--------+--------+--------+-----+--------+

Top non-repeatable levels by time:
   Orc:2: 2760 daAuts
Shoals:4: 2651 daAuts
   Zot:4: 2588 daAuts
   Zot:5: 2569 daAuts
Vaults:1: 2543 daAuts
    D:12: 2491 daAuts
 Snake:4: 2263 daAuts
Depths:1: 2243 daAuts
    D:11: 2137 daAuts
   Elf:3: 2080 daAuts
   Elf:1: 2074 daAuts
   Zot:2: 2036 daAuts
 Crypt:1: 2005 daAuts
Depths:3: 1931 daAuts
   Elf:2: 1900 daAuts
